 Dungeon Crawl Stone Soup version 0.32-a0-841-g4648e6c457 (webtiles) character file.

Game seed: 3909062175358307972

2223 Maxmaps the Nimble (level 9, -1/87 HPs)
             Began as an Octopode Shapeshifter on Mar 27, 2024.
             Was an Initiate of Gozag.
             Killed from afar by a steam dragon (7 damage)
             ... with a ball of steam
             ... on level 6 of the Dungeon.
             The game lasted 00:06:33 (4267 turns).

Maxmaps the Nimble (Octopode Shapeshifter)          Turns: 4267, Time: 00:06:33

Health: -1/87      AC:  1    Str: 10 (12) XL:     9   Next: 35%
Magic:  9/9        EV: 19    Int: 19 (21) God:    Gozag
Gold:   450        SH:  0    Dex: 14 (16) Spells: 8/8 levels left

rFire   + +          .
                       - Unarmed
rCold   . . .        (shield currently unavailable)
rNeg    . . .        (helmet restricted)
rPois   .            d - amulet of regeneration
rElec   .            f - ring of protection from fire
rCorr   .            q - ring of protection from fire
SInv    .            u - +6 ring of dexterity
Will    +....        (no ring) Stlth
                     (no ring)
HPRegen 1.14/turn    (no ring)
MPRegen 0.11/turn    (no ring)
                     (no ring)

%: random rage (3%)
@: berserking, flux-form, gold aura, enlightened, flying, glowing, very quick
A: glow, contaminating, almost no armour, amphibious, 8 rings, camouflage 1,
gelatinous body 1, (nimble swimmer 1), tentacles, berserk 1, clever 1,
teleportitis 1
a: Begin Untransformation, Renounce Religion, Potion Petition, Call Merchant,
Bribe Branch


You were on level 6 of the Dungeon.
You worshipped Gozag.
Gozag was aware of your devotion.
You were something dangerously unstable.
You visited 2 branches of the dungeon, and saw 7 of its levels.

You collected 494 gold pieces.
You paid 44 gold pieces to Gozag.

Inventory:

Missiles
 w - 2 throwing nets (quivered)
Jewellery
 d - an amulet of regeneration (around mantle)
 f - a ring of protection from fire (left tentacle)
 q - a ring of protection from fire (right tentacle)
 u - a +6 ring of dexterity (on tentacle)
Talismans
 b - a beast talisman
 c - a flux talisman (active)
 z - a maw talisman
Wands
 t - a wand of charming (3)
Scrolls
 a - 4 scrolls of identify {unknown}
 e - 2 scrolls of fear {unknown}
 g - 4 scrolls of teleportation {unknown}
 i - 2 scrolls of vulnerability {unknown}
 j - 2 scrolls of blinking {unknown}
 k - a scroll of revelation {unknown}
 l - 5 scrolls of noise {unknown}
 n - a scroll of acquirement {unknown}
 p - 3 scrolls of torment {unknown}
 x - a scroll of immolation {unknown}
 y - a scroll of enchant armour {unknown}
Potions
 h - 2 potions of curing
 o - a potion of cancellation
 r - 2 potions of mutation
 s - a potion of enlightenment


   Skills:
 - Level 4.0 Fighting
 + Level 8.2 Dodging
 - Level 3.0 Unarmed Combat
 - Level 8.1 Shapeshifting


You had 8 spell levels left.
You didn't know any spells.
Your spell library contained the following spells:

 Spells                   Type           Power      Damage    Failure   Level
 Lesser Beckoning         Tloc           0%         N/A       30%         2
 Gell's Gravitas          Tloc           0%         N/A       52%         3
 Teleport Other           Tloc           0%         N/A       52%         3
 Tukima's Dance           Hex            0%         N/A       52%         3
 Passage of Golubria      Tloc           0%         N/A       90%         4
 Vhi's Electric Charge    Tloc/Air       0%         N/A       90%         4
 Arcjolt                  Conj/Air       0%         1d10      99%         5
 Yara's Violent Unravell  Hex/Alch       0%         3d3       99%         5
 Maxwell's Capacitive Co  Air            0%         ∞         100%        8


Dungeon Overview and Level Annotations

Branches:
Dungeon (6/15)             Temple (1/1) D:4

Altars:
Ashenzari
Dithmenos
Elyvilon
Gozag
Hepliaklqana
Makhleb
Nemelex Xobeh
Qazlal
Ru
Sif Muna
Trog
Uskayaw
Vehumet
Yredelemnul
The Shining One


Innate Abilities, Weirdness & Mutations

You are something dangerously unstable.
You glow with magical radiation, making you easy to see and hit.
Foes you strike become dangerously contaminated with magical radiation.
You are incapable of wielding weapons or throwing items.
You cannot wear most types of armour.
You are amphibious.
You can wear up to eight rings at the same time.
Your skin changes colour to match your surroundings (Stealth+).
Your rubbery body absorbs attacks. (AC +1, EV +1)
((You are camouflaged when in or above water. (Stealth+)))
You have tentacles for arms and can constrict up to eight enemies at once.
You sometimes lose your temper in combat.
Your mind is acute. (Int +4, Str/Dex -1)
You are occasionally teleported next to monsters.


Message History

It was a potion of cancellation.
You feel magically purged.
You constrict the scorpion.
The centaur shoots an arrow.
The arrow completely misses you. The steam dragon bites you.
* * * LOW HITPOINT WARNING * * *
The steam dragon claws you.
* * * LOW HITPOINT WARNING * * *
The scorpion closely misses you.
It was a potion of mutation.
You feel extremely strange.
You feel a little pissed off.
You feel clever.
You feel weirdly uncertain.
You constrict the scorpion.
The centaur shoots an arrow.
The arrow completely misses you. The scorpion stings you.
* * * LOW HITPOINT WARNING * * *
The steam dragon closely misses you. The steam dragon completely misses you.
The centaur shoots an arrow.
The arrow completely misses you.
It was a potion of enlightenment.
You feel very buoyant.
You fly up into the air.
You constrict the scorpion.
You kill the scorpion!
The centaur shoots an arrow.
The arrow misses you.
The steam dragon completely misses you. x2
Unknown command.
It was a potion of degeneration.
There was something very wrong with that liquid.
You feel weakened.
You feel dopey.
You feel clumsy.
The centaur shoots an arrow.
The arrow misses you.
The steam dragon bites you but does no damage.
The steam dragon misses you.
The centaur shoots an arrow.
The arrow misses you.
It was a potion of berserk rage.
A red film seems to cover your vision as you go berserk!
You feel yourself moving faster!
You feel mighty!
The centaur shoots an arrow.
The arrow misses you. The steam dragon misses you.
The steam dragon closely misses you.
You tentacle-slap the steam dragon.
The steam dragon begins to glow.
The steam dragon is lightly wounded.
The centaur shoots an arrow.
The arrow hits you!
* * * LOW HITPOINT WARNING * * *
The steam dragon breathes steam at you. The ball of steam hits you! You resist.
You die...
Your body crumbles into a pile of gold.

.....................###.##.####.
.......#+###############.##.####.
.......# ..........#.....#...
.......# .. ..........#.....#...
.......# ... .........#.....#...
.......# .... #.......##....##...
.......# ....##.....c.##....##...
.......# ......$.D...............
.......# .......p................
.......# ./......................
.......# ........................
.......########.......##.........
#####.........#.......##.........
#....)....+........#.........
#.........#........#.........
#.........#.......##....##...
#.........#.......##....##...


You could see a steam dragon (contam, catching breath) and a centaur.

Vanquished Creatures
  Pikel (D:6)
  Sigmund (D:6)
  Edmund (D:6)
  3 black bears
  2 ice beasts (D:6)
  An ogre (D:5)
  Blork the orc (D:6)
  4 scorpions
  A bombardier beetle (D:5)
  2 jellies
  A hound (D:6)
  A gnoll bouda (D:5)
  4 sleepcaps (D:5)
  4 iguanas
  4 orc wizards
  5 gnolls (D:5)
  7 adders
  2 dart slugs
  3 ribbon worms
  5 orcs
  5 endoplasms
  3 giant cockroaches
  6 goblins
  13 hobgoblins
  4 jackals (D:4)
  5 quokkas
  13 ball pythons
  4 bats
  A frilled lizard (D:2)
  8 kobolds
  7 rats
122 creatures vanquished.

Notes
Turn   | Place    | Note
-------+----------+-------------------------------------------
     0 | D:1      | Maxmaps the Octopode Shapeshifter began the quest for the
                  | Orb.
     0 | D:1      | Reached XP level 1. HP: 13/13 MP: 1/1
   102 | D:1      | You fall into a shaft and drop 1 floor!
   123 | D:2      | Reached XP level 2. HP: 14/19 MP: 2/2
   475 | D:1      | Reached XP level 3. HP: 19/25 MP: 3/3
  1411 | D:3      | Found a faded altar of an unknown god.
  1438 | D:3      | Reached XP level 4. HP: 33/33 MP: 4/4
  1891 | D:3      | Reached XP level 5. HP: 37/37 MP: 5/5
  2206 | D:4      | Noticed a black bear
  2215 | D:4      | Killed a black bear
  2244 | D:4      | Reached XP level 6. HP: 15/43 MP: 6/6
  2363 | D:4      | Noticed a black bear
  2371 | D:4      | Killed a black bear
  2372 | D:4      | Reached skill level 5 in Shapeshifting
  2633 | D:4      | Found a bloodstained altar of Trog.
  2730 | D:4      | Found a staircase to the Ecumenical Temple.
  2815 | Temple   | Entered the Ecumenical Temple
  2826 | Temple   | Became a worshipper of Gozag Ym Sagoz the Greedy
  2853 | D:5      | Entered Level 5 of the Dungeon
  2859 | D:5      | Noticed a black bear
  2865 | D:5      | Killed a black bear
  2866 | D:5      | Reached XP level 7. HP: 45/48 MP: 7/7
  3113 | D:5      | Reached XP level 8. HP: 28/54 MP: 8/8
  3263 | D:5      | Found a shimmering blue altar of Sif Muna.
  3486 | D:5      | Found a stormy altar of Qazlal.
  3696 | D:6      | Noticed Pikel
  3705 | D:6      | Killed Pikel
  3787 | D:6      | Reached XP level 9. HP: 58/58 MP: 9/9
  3831 | D:6      | Noticed Sigmund
  3838 | D:6      | Killed Sigmund
  3951 | D:6      | Noticed Edmund
  3959 | D:6      | Killed Edmund
  3978 | D:6      | Noticed Blork the orc
  3985 | D:6      | Killed Blork the orc
  4263 | D:6      | Gained mutation: You sometimes lose your temper in combat.
                  | [potion of mutation]
  4263 | D:6      | Gained mutation: Your mind is acute. (Int +4, Str/Dex -1)
                  | [potion of mutation]
  4263 | D:6      | Gained mutation: You are occasionally teleported next to
                  | monsters. [potion of mutation]
  4267 | D:6      | Killed from afar by a steam dragon

Illustrated notes

Levels and vault maps discovered:
D:1:      lightli_arrival_statuegarden, layout_basic
D:2:      layout_basic
D:3:      layout_loops_corners, shapermc_ecumenical_altar_venn,
          minmay_misc_feat_rugged
D:4:      layout_cave_pools, mainiacjoe_overflow_alcove_1,
          minmay_temple_entry_drinking_statues
D:5:      layout_basic, lemuel_crystal_altar, tgw_sif
D:6:      layout_gridville, uniq_blork_the_orc, uniq_edmund, uniq_sigmund,
          uniq_pikel
Temple:   nicolae_temple_hex_pool

Skill      XL: |  1  2  3  4  5  6  7  8  9 |
---------------+----------------------------+-----
Fighting       | 2 3 4 |  4.0
Shapeshifting  | 4 6 7 8 |  8.1
Dodging        | 6 8 |  8.2
Unarmed Combat | |  3.0

Action                     |  1- 3 |  4- 6 |  7- 9 || total
---------------------------+-------+-------+-------++-------
  Melee: Unarmed           |    70 |    90 |   114 ||   274
         Constrict         |    23 |    22 |    31 ||    76
         Punch             |     3 |     5 |       ||     8
         Tentacles         |     9 |    15 |    36 ||    60
    Use: Potion            |       |     1 |     7 ||     8
   Stab: Sleeping          |     7 |     8 |     1 ||    16
 Armour: Skin              |    22 |   109 |    78 ||   209
  Dodge: Dodged            |    48 |    56 |   109 ||   213
   Form: Flux              |       |       |     1 ||     1

Table legend: (Time is in decaauts)
 A = Elapsed time spent in this place.
 B = Non-inter-level travel time spent in this place.
 C = Inter-level travel time spent in this place.
 D = Time resting spent in this place.
 E = Time spent auto-exploring this place.
 F = Levels seen in this place.
 G = Mean time per level.
                   A        B        C        D        E       F      G
               +--------+--------+--------+--------+--------+-----+--------+
         Total |   4249 |   4031 |    218 |    123 |   3127 |   7 |  607.0 |
       Dungeon |   4226 |   4030 |    196 |    123 |   3127 |   6 |  704.3 |
        Temple |     22 |      1 |     21 |      0 |      0 |   1 |   22.0 |
               +--------+--------+--------+--------+--------+-----+--------+

Top non-repeatable levels by time:
     D:3: 882 daAuts
     D:5: 824 daAuts
     D:1: 689 daAuts
     D:4: 629 daAuts
     D:2: 617 daAuts
     D:6: 583 daAuts
  Temple: 22 daAuts
